 Dungeon Crawl Stone Soup version 0.30-a0-331-g8ab09dc110 (webtiles) character file.

Game seed: 11943560066149779425

61 freelancePsychic the Conjurer (level 3, -2/29 (32) HPs)
             Began as an Armataur Reaver on Oct 29, 2022.
             Was an Initiate of Gozag.
             Slain by an orc
             ... wielding a +2 vorpal hand axe
              (9 damage)
             ... on level 3 of the Dungeon.
             The game lasted 00:04:23 (2810 turns).

freelancePsychic the Conjurer (Armataur Reaver)     Turns: 2810, Time: 00:04:23

HP:   -2/29 (32)    AC:  4    Str: 17    XL:     3   Next: 83%
MP:   3/5           EV:  9    Int: 15    God:    Gozag
Gold: 77            SH:  0    Dex:  8    Spells: 2/5 levels left

rFire   . . .      SeeInvis .    m - +2 dagger (venom)
rCold   . . .      Faith    .    (no shield)
rNeg    . . .      Spirit   .    b - +0 leather armour
rPois   .          Reflect  .    (no helmet)
rElec   .          Harm     .    (no cloak)
rCorr   .          Roll     +    (no gloves)
Will    .....                    (no barding)
Stlth   +.........               (no amulet)
HPRegen 0.24/turn                (no ring)
MPRegen 0.09/turn                (no ring)

@: gold aura, immotile, drained
A: large, rugged brown scales 3, deformed body, armoured tail, roll, long
tongue, awkward tongue
a: Renounce Religion, Potion Petition, Call Merchant, Bribe Branch


You were on level 3 of the Dungeon.
You worshipped Gozag.
Gozag was noncommittal.
You visited 1 branch of the dungeon, and saw 4 of its levels.

You collected 77 gold pieces.

Inventory:

Hand Weapons
 a - a +0 mace
 m - a +2 dagger of venom (weapon)
Armour
 b - a +0 leather armour (worn)
 v - an orb of energy
Magical Staves
 u - a staff of cold
Jewellery
 q - an amulet of magic regeneration
Wands
 t - a wand of acid (7)
Scrolls
 e - a scroll of immolation {unknown}
 h - a scroll of silence {unknown}
 j - a scroll of vulnerability {unknown}
 l - 2 scrolls of teleportation {unknown}
 o - a scroll of enchant armour {unknown}
 p - 2 scrolls of fog {unknown}
 r - a scroll of amnesia {unknown}
 s - a scroll of fear {unknown}
Potions
 c - 3 potions of curing {@q1}
 d - a potion of flight {unknown}
 f - 3 potions of mutation {unknown}
 g - a potion of berserk rage
 i - 3 potions of lignification
 k - a potion of degeneration {unknown}
 n - a potion of haste {unknown}


   Skills:
 + Level 2.5 Fighting
 - Level 2.6 Maces & Flails
 - Level 1.3 Dodging
 - Level 1.7 Spellcasting
 - Level 3.3 Conjurations
 - Level 1.6 Translocations
 * Level 0.5 Ice Magic


You had 2 spell levels left.
You knew the following spells:

 Your Spells              Type           Power      Damage    Failure   Level
a - Kiss of Death         Conj/Necr      24%        2d7       14%         1
b - Momentum Strike       Conj/Tloc      16%        3d8       16%         2

Your spell library contained the following spells:

 Spells                   Type           Power      Damage    Failure   Level
 Hailstorm                Conj/Ice       7%         3d4       36%         3
 Gell's Gravitas          Tloc           6%         N/A       38%         3
 Lesser Beckoning         Tloc           12%        N/A       38%         3
 Teleport Other           Tloc           6%         N/A       38%         3
 Ozocubu's Armour         Ice            3%         N/A       54%         3
 Ozocubu's Refrigeration  Ice            1%         4d7       100%        7


Dungeon Overview and Level Annotations

Branches:
Dungeon (4/15)
 Temple: D:4-7

Altars:
Gozag
Okawaru

Shops:
D:1 (   D:2 (


Innate Abilities, Weirdness & Mutations

You are completely covered in rugged brown scales. (AC +3, +7% HP)
Armour fits poorly on your strangely shaped body.
You have a long armoured tail.
You roll when moving toward enemies. (Rampage)
Your long tongue fully drains potion bottles. (2x potion effects)
Your tongue gives you trouble enunciating. (1.5x scroll delay)


Message History

There is a stone staircase leading down here.
Okay, then.
Okay, then.
You climb downwards.
The iguana hisses angrily.
The goblin shouts!
The orc shouts! x3
The endoplasm quivers.
The endoplasm freezes you.
You are frozen.
The orc hits you with a +2 vorpal hand axe.
The iguana completely misses you. The orc barely misses you.
The endoplasm hits you but does no damage.
There is a stone staircase leading up here.
The endoplasm freezes you.
You are frozen.
The orc barely misses you. The iguana bites you.
You climb upwards.
There is a stone staircase leading down here.
You hit the iguana but do no damage.
The iguana is poisoned.
You tail-slap the iguana.
The iguana is moderately wounded.
The orc barely misses you. The iguana barely misses you.
You hit the iguana.
The iguana is moderately wounded.
The orc hits you with a +2 vorpal hand axe.
The iguana closely misses you.
You hit the iguana.
The iguana is severely wounded.
The orc hits you with a +2 vorpal hand axe.
The iguana bites you.
* * * LOW HITPOINT WARNING * * *
Casting: Momentum Strike (safe; 16% risk of failure)
Confirm with . or Enter, or press ? or * to list all spells.
Aiming: Momentum Strike (safe; 16% risk of failure)
Press: ? - help, Dir - move target, f - iguana
Aim: an iguana (severely wounded, very poisoned, 72% to hit)
The concentrated momentum hits the iguana!
The iguana dies!
You are unable to move.
The orc hits you with a +2 vorpal hand axe!
You die...
Your body crumbles into a pile of gold.

##.##.###.#....# #.# #.#
...............## #.# #.#
#.##............###.# #.#
#.##..###.<......##.# #.#
...#..# #........##.# #.#
#..#..# ##.....#.##.# #.#
#..#..#####...##J##.# #.#
#..#.........###o##.# #.#
#..##.######.# #@##.# #.#
......# #.###$##.####.#
##.#########.............#
##.# #........PP⌠~~~⌠~..#
##.# #.####[..~...P..~..#
##.# #.# ##..~.####.~..#
##.# ##.## #..~.#_...~..#
...###...## #..~.####P~..#
#####.###.###..⌠......P..#


You could see an orc and an endoplasm.

Vanquished Creatures
  A gnoll (D:3)
  An adder (D:2)
  A worm (D:2)
  5 endoplasms
  5 goblins
  2 hobgoblins
  3 jackals (D:1)
  3 quokkas
  3 ball pythons
  7 bats
  3 frilled lizards (D:1)
  4 kobolds
  2 rats (D:2)
40 creatures vanquished.

Vanquished Creatures (others)
  An iguana (D:3)
  An adder (D:2)
  2 goblins (D:2)
  A quokka (D:3)
  A frilled lizard (D:2)
  A rat (D:2)
7 creatures vanquished.

Grand Total: 47 creatures vanquished

Notes
Turn   | Place    | Note
-------+----------+-------------------------------------------
     0 | D:1      | freelancePsychic the Armataur Reaver began the quest for
                  | the Orb.
     0 | D:1      | Reached XP level 1. HP: 18/18 MP: 3/3
   182 | D:1      | Found Cuikh's Weapon Boutique.
   325 | D:1      | Reached XP level 2. HP: 21/25 MP: 4/4
   424 | D:1      | Reached skill level 1 in Translocations
   457 | D:1      | Reached skill level 3 in Conjurations
   876 | D:2      | Reached XP level 3. HP: 18/32 MP: 5/5
   899 | D:2      | Learned a level 2 spell: Momentum Strike
   977 | D:2      | HP: 1/27 [poisoned by a goblin]
  1123 | D:2      | Found Rudwe's Weapon Shop.
  2128 | D:3      | Found a faded altar of an unknown god.
  2368 | D:3      | Found an iron altar of Okawaru.
  2728 | D:3      | Prayed at the altar of an unknown god.
  2728 | D:3      | Became a worshipper of Gozag Ym Sagoz the Greedy
  2768 | D:4      | Noticed a necrophage
  2810 | D:3      | Slain by an orc

Illustrated notes

Levels and vault maps discovered:
D:1:      eino_arrival_water_star, layout_basic, serial_shops, shop
D:2:      layout_loops_ring, serial_shops, nicolae_square_shop,
          nicolae_eternal_life
D:3:      layout_loops_ring, mainiacjoe_overflow_boulevard,
          shapermc_ecumenical_altar_acropolis, kennysheep_donut
D:4:      layout_cave_pools, lemuel_doored_altar, serial_shops,
          nicolae_take_the_stairs, bh_walls_and_bars

Skill      XL: |  1  2 |
---------------+-------+-----
Fighting       | 2 |  2.5
Translocations | 1 |  1.6
Conjurations   | 3 |  3.3
Maces & Flails | |  2.6
Dodging        | |  1.3
Spellcasting   | |  1.7
Ice Magic      | |  0.5

Action                   || total
-------------------------++-------
Melee: Mace              ||    85
       Tailslap          ||    15
       Dagger            ||    54
       Punch             ||     1
 Cast: Momentum Strike   ||     9
       Kiss of Death     ||     1
  Use: Scroll            ||     2
       Potion            ||     1
Armor: Leather armour    ||    64
Dodge: Dodged            ||    74

Table legend: (Time is in decaauts)
 A = Elapsed time spent in this place.
 B = Non-inter-level travel time spent in this place.
 C = Inter-level travel time spent in this place.
 D = Time resting spent in this place.
 E = Time spent auto-exploring this place.
 F = Levels seen in this place.
 G = Mean time per level.
                   A        B        C        D        E       F      G
               +--------+--------+--------+--------+--------+-----+--------+
         Total |   2839 |   2644 |    195 |     61 |   2192 |   4 |  709.8 |
       Dungeon |   2839 |   2644 |    195 |     61 |   2192 |   4 |  709.8 |
               +--------+--------+--------+--------+--------+-----+--------+

Top non-repeatable levels by time:
     D:2: 1021 daAuts
     D:3: 987 daAuts
     D:1: 818 daAuts
     D:4: 10 daAuts
